cohdb
Replays
Latest Replays
All Replays
Popular Replays
Top Player Replays
Match Explorer
How It Works
Community
CoH3 Stats
Reddit
Sign in to upload your games and track your stats! →
Sign in with Steam
Match 38466587
Unlisted
Match 38466587
Overview
Messages
Build Orders
End
Pioneer Squad
Pioneer Squad
Pioneer Squad
Selects Mechanized Battlegroup
Pioneer Squad
Pioneer Squad
Construct Infanterie Kompanie
Grenadier Squad
Construct Luftwaffe Kompanie
Jäger Squad
Medical Bunker
Selects Raid Package
Jäger Squad
Luftwaffe Officer Quarters
Support Elements
Wirbelwind Flakpanzer
Selects StuG Assault Group
StuG Assault Group
Jäger Squad
Construct Panzer Kompanie
Wirbelwind Flakpanzer
Hawker Typoon
bhlh, member e41
0
0
Comments
sign in to comment!
No comments posted yet!